 Dungeon Crawl Stone Soup version 0.30.0-17-ge0270778cf (webtiles) character file.

Game seed: 12468769501722654788

2 PoweredByGinger the Chopper (level 1, -2/12 HPs)
             Began as a Gargoyle Gladiator on May 21, 2023.
             Slain by a gnoll
             ... wielding a +0 flail
              (11 damage)
             ... on level 1 of the Dungeon.
             The game lasted 00:00:08 (32 turns).

PoweredByGinger the Chopper (Gargoyle Gladiator)      Turns: 32, Time: 00:00:09

Health: -2/12      AC:  6    Str: 17    XL:     1   Next: 40%
Magic:  1/1        EV: 12    Int:  8    God:
Gold:   5          SH:  0    Dex: 11    Spells: 0/0 levels left

rFire   . . .        a - +0 war axe
rCold   . . .        (no shield)
rNeg    + . .        b - +0 leather armour
rPois   ∞            c - +0 helmet
rElec   +            (no cloak)
rCorr   .            (no gloves)
SInv    .            (no boots)
Will    .....        (no amulet)
Stlth   +            (no ring)
HPRegen 0.22/turn    (no ring)
MPRegen 0.07/turn

%: no passive effects
@: no status effects
A: sickness immunity, AC +2, negative energy resistance 1, electricity
resistance, torment resistance 1, petrification resistance
a: no special abilities


You were on level 1 of the Dungeon.
You visited 1 branch of the dungeon, and saw 1 of its levels.

You collected 5 gold pieces.

Inventory:

Hand Weapons
 a - a +0 war axe (weapon)
Missiles
 d - 3 throwing nets (quivered)
 e - a javelin
Armour
 b - a +0 leather armour (worn)
 c - a +0 helmet (worn)
Potions
 f - a potion of attraction {unknown}


   Skills:
 - Level 2.1 Fighting
 + Level 2.9 Axes
 - Level 1.7 Throwing
 - Level 2.4 Dodging


You couldn't memorise any spells.
You didn't know any spells.
Your spell library was empty.

Dungeon Overview and Level Annotations

Branches:
Dungeon (1/15)

Altars:


Innate Abilities, Weirdness & Mutations

You are immune to sickness and miasma.
Your stone body is resilient. (AC +2)
You are immune to poison.
You resist negative energy. (rN+)
You are resistant to electric shocks. (rElec)
You are resistant to unholy torment.
You are immune to petrification.


Message History

Welcome, PoweredByGinger the Gargoyle Gladiator.
Will you prevail where others failed? Will you find the Orb of Zot?
Press ? for a list of commands and other information.
Found a staircase leading out of the dungeon.
f - a sapphire potion A kobold comes into view.
It is wielding a +0 short sword.
Found 5 gold pieces and 3 stones.
A kobold is nearby!
A kobold comes into view. It is wielding a +0 short sword.
The kobold shouts!
The kobold hits you with a +0 short sword.
You slash the kobold!
You kill the kobold!
You slash the kobold!
You kill the kobold!
No target in view!
No target in view!
You see here a +0 short sword.
You now have 5 gold pieces.
A bat and a goblin come into view.
The goblin shouts!
There are monsters nearby!
There are monsters nearby!
There are monsters nearby!
You barely miss the bat. The bat barely misses you. The bat closely misses you.
A gnoll comes into view. It is wielding a +0 flail.
The gnoll shouts!
The bat barely misses you. The bat barely misses you.
The bat completely misses you. The goblin closely misses you.
You closely miss the goblin. You hit the bat. The bat closely misses you. x2
The goblin hits you with a +0 dagger. The gnoll barely misses you.
The goblin closely misses you.
You barely miss the bat.
The bat is heavily wounded.
You barely miss the goblin. You hit the gnoll. The bat misses you.
The goblin hits you but does no damage. The gnoll hits you with a +0 flail!
Ouch! That really hurt!
You die...

#+ .## ..# .. #.#
######.#### #.# ###
..........# #.#..#..
......g...# #.#....<
......g@..# #.######
######...########.......
#.b...#...)...#.#..
#.............#.###
#..........)..#....
#.....#.......####.
#.....#.......#
#.....#.........
#.....#..(....###


You could see a gnoll, a goblin and a bat.

Vanquished Creatures
  2 kobolds (D:1)
2 creatures vanquished.

Notes
Turn   | Place    | Note
-------+----------+-------------------------------------------
     0 | D:1      | PoweredByGinger the Gargoyle Gladiator began the quest for
                  | the Orb.
     0 | D:1      | Reached XP level 1. HP: 12/12 MP: 1/1
    32 | D:1      | Slain by a gnoll

Illustrated notes

Levels and vault maps discovered:
D:1:      ebering_hopf_link, layout_basic, minmay_misc_feat_square,
          kennysheep_small_spiral

Action                     || total
---------------------------++-------
  Melee: War axe           ||     5
 Armour: Leather armour    ||     1
  Dodge: Dodged            ||    11
